Map: New Repugnancy LE

Players

MaSa - Winner!

  • Race: Terran Terran
  • League: Master
  • Spawn Location: 7:00

soO

  • Race: Zerg Zerg
  • League: Master
  • Spawn Location: 1:00

Event: 2019 Assembly Summer

VOD

Have the link to the VOD?

Description

Time

  • Played on: Aug. 1, 2019, 7:04 a.m.
  • Length: 7:17

All games in this series

Show
View Real Time Build Order
Export as new Build Order

MaSa Terran - Winner!

Build Orders:  

Get SALT Encoding   

  12  0:00  SCV  
  13  0:12  SCV  
  14  0:17  Supply Depot  
  14  0:25  SCV  
  15  0:39  SCV  
  15  0:41  Barracks  
  16  0:44  Refinery  
  16  0:51  SCV  
  17  0:59  Barracks  
  17  1:03  SCV  
  18  1:15  SCV  
  19  1:27  Reaper  
  19  1:28  Orbital Command  
  20  1:36  Barracks  
  20  1:40  Refinery  
  20  1:46  Reaper  
  21  1:52  Supply Depot  
  21  1:55  SCV  
  22  2:03  Reaper  
  23  2:14  SCV  
  24  2:18  Reaper  
  24  2:20  Supply Depot  
  25  2:26  Reaper, SCV  
  27  2:36  Reaper  
  28  2:38  SCV  
  29  2:50  Reaper  
  30  2:52  SCV  
  31  3:02  Command Center, Reaper  
  31  3:05  SCV  
  32  3:10  Engineering Bay  
  32  3:11  Reaper  
  33  3:20  SCV  
  33  3:22  Reaper  
  35  3:32  SCV  
  35  3:33  Supply Depot  
  36  3:34  Reaper  
  36  3:37  Terran Infantry Weapons Level 1  
  36  3:39  Refinery  
  37  3:44  Marine  
  37  3:46  SCV  
  39  3:54  Marine  
  40  3:58  SCV  
  40  4:02  Reaper  
  42  4:07  Barracks  
  42  4:09  Barracks  
  42  4:10  SCV  
  42  4:13  Reaper  
  44  4:22  Orbital Command  
  44  4:23  SCV  
  45  4:28  Reaper  
  46  4:34  Reaper  
  46  4:35  SCV  
  48  4:45  Reaper  
  49  4:47  SCV  
  49  4:49  SCV  
  51  4:54  Reaper  
  51  4:57  Reaper  
  51  4:59  SCV  
  54  5:00  Reaper  
  54  5:01  SCV  
  54  5:06  Supply Depot, Reaper  
  57  5:12  SCV  
  57  5:13  SCV  
  59  5:16  Refinery  
  59  5:17  Reaper  
  60  5:24  SCV  
  60  5:25  SCV  
  60  5:28  Reaper  
  63  5:30  Reaper  
  63  5:32  Reaper  
  65  5:36  SCV  
  65  5:38  Reaper  
  66  5:47  SCV  
  66  5:49  Reaper  
  64  5:53  SCV  
  63  5:59  SCV  
  63  6:02  Reaper  
  65  6:04  Reaper  
  65  6:06  SCV  
  65  6:07  Barracks Tech Lab  
  65  6:08  Barracks  
  65  6:10  Barracks, Command Center, Reaper  
  67  6:16  SCV  
  68  6:19  SCV  
  68  6:21  Reaper  
  68  6:30  Marine, SCV  
  70  6:33  SCV  
  70  6:35  Marine  
  70  6:39  Supply Depot  
  70  6:46  Supply Depot  
  70  6:47  Factory  
  70  6:58  SCV  
  70  7:01  SCV  
Show
View Real Time Build Order
Export as new Build Order

soO Zerg 

Build Orders: Pool First 

Get SALT Encoding   

  12  0:00  Drone  
  13  0:12  Overlord  
  13  0:17  Drone  
  14  0:30  Drone x2  
  16  0:35  Drone  
  17  0:44  Extractor  
  17  0:45  Drone  
  17  0:50  Spawning Pool  
  17  0:55  Drone  
  17  1:06  Drone  
  18  1:17  Hatchery  
  17  1:22  Drone  
  18  1:37  Zergling x2, Queen  
  21  1:46  Metabolic Boost  
  21  1:50  Overlord  
  21  1:55  Drone  
  22  2:10  Drone  
  22  2:12  Drone  
  22  2:13  Queen  
  26  2:27  Zergling x2  
  26  2:29  Queen  
  29  2:30  Zergling x2  
  29  2:34  Zergling x2  
  31  2:41  Zergling x2  
  32  2:45  Zergling x4  
  32  2:46  Zergling x2  
  32  2:47  Overlord  
  35  2:57  Zergling x2  
  35  3:06  Drone  
  35  3:07  Drone  
  37  3:13  Drone x2  
  37  3:18  Overlord  
  39  3:22  Drone x2  
  39  3:26  Drone x2  
  43  3:32  Overlord  
  43  3:38  Drone x4  
  47  3:50  Hatchery  
  46  3:59  Drone x2  
  46  4:00  Drone x2  
  50  4:05  Roach Warren  
  50  4:09  Zergling x14  
  54  4:25  Hatchery, Drone x2  
  55  4:32  Overlord  
  55  4:33  Overlord  
  55  4:36  Overlord  
  52  4:40  Overlord  
  52  4:50  Overlord  
  52  4:54  Roach x4  
  52  4:58  Roach  
  62  5:01  Roach  
  64  5:07  Drone  
  65  5:16  Ravager  
  65  5:17  Ravager x2  
  65  5:18  Drone x7  
  65  5:21  Ravager, Extractor  
  75  5:23  Drone x2  
  77  5:37  Drone  
  68  5:43  Roach x2  
  68  5:44  Roach  
  68  5:45  Roach, Zergling x4  
  70  5:55  Roach  
  63  5:58  Zergling x6  
  63  6:00  Zergling x4  
  63  6:02  Zergling x2  
  63  6:04  Roach  
  68  6:05  Queen  
  68  6:08  Zergling x2  
  68  6:09  Zergling x4  
  71  6:14  Roach, Zergling x4  
  73  6:20  Hatchery  
  70  6:31  Roach x2, Zergling x2  
  68  6:33  Zergling x2  
  68  6:36  Roach  
  68  6:39  Zergling x2  
  67  6:40  Zergling x2  
  67  6:41  Ravager  
  72  6:48  Roach  
  74  6:55  Roach x2  
Tags
 
Add a new tag
Caveats
  • Supply blocks, unpowered buildings, or Contaminate may cause inaccurate times.
  • Supply counts are checked every 10 seconds.